 Dungeon Crawl Stone Soup version 0.31-a0-210-gccc998df9b (webtiles) character file.

Game seed: 13960855768662108458

162 qw the Shooter (level 5, 0/30 HPs)
             Began as a Gargoyle Hexslinger on June 29, 2023.
             Frozen to death by an endoplasm (5 damage)
             ... on level 4 of the Dungeon.
             The game lasted 00:00:57 (2317 turns).

qw the Shooter (Gargoyle Hexslinger)                Turns: 2317, Time: 00:00:58

Health: 0/30       AC: 12    Str: 11    XL:     5   Next: 43%
Magic:  6/6        EV: 10    Int: 14    God:
Gold:   145        SH:  0    Dex: 14    Spells: 5/6 levels left

rFire   . . .        Y - +1 sling
rCold   . . .        (no shield)
rNeg    + . .        e - +0 ring mail
rPois   inf          (no helmet)
rElec   +            c - +0 cloak
rCorr   .            f - +1 pair of gloves
SInv    .            (no boots)
Will    .....        (no amulet)
Stlth   +            (no ring)
HPRegen 0.25/turn    (no ring)
MPRegen 0.10/turn

%: no passive effects
@: no status effects
A: sickness immunity, AC +4, negative energy resistance 1, electricity
resistance, torment resistance 1, petrification resistance
a: no special abilities


You were on level 4 of the Dungeon.
You visited 1 branch of the dungeon, and saw 4 of its levels.

You collected 145 gold pieces.


Innate Abilities, Weirdness & Mutations

You are immune to sickness and miasma.
Your stone body is resilient. (AC +4)
You are immune to poison.
You resist negative energy. (rN+)
You are resistant to electric shocks. (rElec)
You are resistant to unholy torment.
You are immune to petrification.


   Skills:
 + Level 2.0 Fighting
 - Level 5.1 Ranged Weapons
 - Level 1.0 Armour
 - Level 1.5 Dodging
 - Level 1.0 Spellcasting
 - Level 2.6 Hexes


You had 5 spell levels left.
You knew the following spells:

 Your Spells              Type           Power      Damage    Failure   Level
a - Slow                  Hex            32%        N/A       21%         1

Your spell library contained the following spells:

 Spells                   Type           Power      Damage    Failure   Level
 Inner Flame              Hex/Fire       4%         N/A       71%         3
 Portal Projectile        Hex/Tloc       8%         N/A       71%         3
 Cause Fear               Hex            4%         N/A       90%         4

Inventory:

Hand Weapons
 Y - a +1 sling (weapon)
Armour
 c - a +0 cloak (worn)
 e - a +0 ring mail (worn)
 f - a +1 pair of gloves (worn)
Scrolls
 d - 2 scrolls of identify
Potions
 a - a potion of curing
 b - a potion of degeneration {unknown}
 h - a potion of resistance {unknown}
 i - a potion of mutation {unknown}
 j - a potion of might {unknown}

Dungeon Overview and Level Annotations

Branches:
Dungeon (4/15)
 Temple: D:4-7

Altars:


Message History

The sling bullet barely misses the iguana.
The iguana bites you!
2311 ||| DRINKING potion of heal wounds.
You feel much better. The iguana barely misses you.
You shoot a sling bullet.
The sling bullet barely misses the iguana.
The iguana bites you. The endoplasm barely misses you.
You shoot a sling bullet.
The sling bullet hits the iguana but does no damage.
The iguana is severely wounded.
The iguana barely misses you. The endoplasm freezes you.
You are frozen.
The endoplasm freezes you.
You are frozen.
The iguana bites you but does no damage.
You shoot a sling bullet.
The sling bullet closely misses the iguana.
The iguana bites you but does no damage.
The endoplasm freezes you.
You are frozen.
You shoot a sling bullet.
The sling bullet completely misses the iguana.
The iguana barely misses you.
The endoplasm hits you but does no damage.
You shoot a sling bullet. The sling bullet hits the iguana.
You kill the iguana!
The endoplasm barely misses you.
The endoplasm hits you but does no damage.
The endoplasm freezes you.
You are frozen.
Your Ranged Weapons skill increases to level 5!
You shoot a sling bullet. The sling bullet hits the endoplasm.
The endoplasm is lightly wounded.
The endoplasm freezes you.
You are frozen.
The endoplasm freezes you.
You are frozen.
You die...

#....##.# ...|..#.#
#.####.. .## ......#.#
....... .. ...^..#.#
...... .. ....(.+.#
#....# . ......#.#
.......# .#
......#.#####.#..#.#....
.......<....#.#.JJ..>...
......#####.#.#.@######.
......# #.#.#.........
+#####.####.#.#.########
#.................
#.################ .# ##


You could see 2 endoplasms.

Vanquished Creatures
  A jelly (D:4)
  An iguana (D:4)
  4 adders
  A worm (D:2)
  6 bats
  7 endoplasms
  5 giant cockroaches
  3 goblins
  3 hobgoblins
  2 jackals (D:1)
  3 quokkas
  8 ball pythons
  2 frilled lizards
  11 kobolds
  10 rats
67 creatures vanquished.

Notes
Turn   | Place    | Note
-------+----------+-------------------------------------------
     0 | D:1      | qw the Gargoyle Hexslinger began the quest for the Orb.
     0 | D:1      | Reached XP level 1. HP: 12/12 MP: 2/2
     0 | D:1      | 0 ||| qw: Version: 0.3-a-24-ga2abf7b
     0 | D:1      | 0 ||| qw: Game counter: 6780
     0 | D:1      | 0 ||| qw: Melee chars always use a shield: true
     0 | D:1      | 0 ||| qw: God list: Okawaru
     0 | D:1      | 0 ||| qw: Allow faded altars: false
     0 | D:1      | 0 ||| qw: Do Orc after clearing Dungeon:15 true
     0 | D:1      | 0 ||| qw: Do second Lair branch before Depths: true
     0 | D:1      | 0 ||| qw: Lair rune preference: random
     0 | D:1      | 0 ||| qw: Goals: Normal
     0 | D:1      | 0 ||| PLANNING D:1-11
   105 | D:1      | 105 ||| FLEEEEING.
   106 | D:1      | 106 ||| FLEEEEING.
   190 | D:1      | Reached XP level 2. HP: 16/16 MP: 3/3
   228 | D:1      | Reached skill level 3 in Ranged Weapons
   360 | D:1      | Found a faded altar of an unknown god.
   515 | D:1      | Reached XP level 3. HP: 21/21 MP: 4/4
   758 | D:1      | 758 ||| UPGRADING to +0 leather armour.
   768 | D:1      | 768 ||| DROPPING +0 robe.
   769 | D:1      | 769 ||| UPGRADING to +1 pair of gloves.
   774 | D:1      | 774 ||| READING scroll labelled QUNNIOT QASUCO.
   775 | D:1      | 775 ||| READING scroll labelled OSCHUEJ WACIN.
   793 | D:1      | 793 ||| DROPPING scroll of poison.
  1027 | D:2      | Reached XP level 4. HP: 26/26 MP: 5/5
  1255 | D:2      | Reached skill level 4 in Ranged Weapons
  1366 | D:2      | 1366 ||| UPGRADING to +0 cloak.
  1371 | D:2      | 1371 ||| UPGRADING to +0 ring mail.
  1381 | D:2      | 1381 ||| DROPPING +0 leather armour.
  1382 | D:2      | 1382 ||| DROPPING amulet of magic regeneration.
  1686 | D:3      | 1686 ||| Stepping ~*~*~tactically~*~*~ (outnumbered).
  1690 | D:3      | Reached skill level 1 in Armour
  2239 | D:3      | 2239 ||| DRINKING 2 purple potions.
  2240 | D:3      | 2240 ||| READING 2 scrolls of identify.
  2240 | D:3      | 2240 ||| IDENTIFYING amethyst potion
  2298 | D:4      | Reached XP level 5. HP: 30/30 MP: 6/6
  2310 | D:4      | HP: 6/30 [iguana (10)]
  2311 | D:4      | 2311 ||| DRINKING potion of heal wounds.
  2317 | D:4      | Reached skill level 5 in Ranged Weapons
  2317 | D:4      | HP: 5/30 [frozen (5)]
  2317 | D:4      | Frozen to death by an endoplasm

Levels and vault maps discovered:
D:1:      onia_arrival_mini_spirals, layout_basic,
          nicolae_ecumenical_snake_handling
D:2:      layout_loops_cross
D:3:      layout_basic
D:4:      layout_basic, hellmonk_no_cap

Skill      XL: |  1  2  3  4  5 |
---------------+----------------+-----
Ranged Weapons | 3 4 5 |  5.1
Fighting       | 2 |  2.0
Armour         | 1 |  1.0
Dodging        | |  1.5
Spellcasting   | |  1.0
Hexes          | |  2.6

Action                     |  1- 3 |  4- 6 || total
---------------------------+-------+-------++-------
   Fire: Sling             |   106 |   136 ||   242
    Use: Scroll            |     2 |     1 ||     3
         Potion            |       |     2 ||     2
 Armour: Robe              |    11 |       ||    11
         Leather armour    |     3 |       ||     3
         Ring mail         |       |    39 ||    39
  Dodge: Dodged            |    38 |    51 ||    89

Table legend:
 A = Non-vault XP
 B = Vault XP
 C = Vault XP percentage of total XP
 D = Non-vault monster count
 E = Vault monster count
 F = Vault count percentage of total count
                 A         B        C        D         E       F
            +---------+---------+-------+---------+---------+-------
      Total |     231 |       1 |   0.4 |      66 |       1 |   1.5
            +---------+---------+-------+---------+---------+-------
        D:1 |      44 |       1 |   2.2 |      28 |       1 |   3.4
        D:2 |      50 |       0 |   0.0 |      16 |       0 |   0.0
        D:3 |      55 |       0 |   0.0 |      20 |       0 |   0.0
        D:4 |      82 |       0 |   0.0 |       2 |       0 |   0.0
            +---------+---------+-------+---------+---------+-------
